 Dungeon Crawl Stone Soup version 0.30-a0-743-gbfdf073431 (webtiles) character file.

Game seed: 13314417158462115025

1652 kingofthe the Conjurer (level 9, -16/51 HPs)
             Began as an Octopode Conjurer on Feb 5, 2023.
             Demolished by an orc knight
             ... wielding a +0 halberd
              (19 damage)
             ... in a bailey.
             The game lasted 00:25:03 (7225 turns).

kingofthe the Conjurer (Octopode Conjurer)          Turns: 7225, Time: 00:25:04

Health: -16/51     AC:  1    Str:  7    XL:     9   Next: 0%
Magic:  3/16       EV: 15    Int: 20    God:
Gold:   255        SH:  4    Dex: 14    Spells: 7/18 levels left

rFire   . . .      SeeInvis .    a - +3 spear (drain)
rCold   . . .      Faith    .    m - +1 buckler
rNeg    . . .      Spirit   .    z - +0 hat
rPois   .          Reflect  .    A - amulet of the acrobat
rElec   .          Harm     .    l - ring of wizardry
rCorr   .          Rampage  .    (no ring)
Will    .....                    (no ring)
Stlth   ++++                     (no ring)
HPRegen 0.28/turn                (no ring)
MPRegen 0.15/turn                (no ring)
                                 (no ring)
                                 (no ring)

@: studying Polearms
A: almost no armour, amphibious, 8 rings, camouflage 1, gelatinous body 1,
(nimble swimmer 1), tentacles
a: no special abilities


You were in a bailey.
You visited 1 branch of the dungeon, and saw 7 of its levels.
You also visited: Bailey.

You collected 255 gold pieces.

Inventory:

Hand Weapons
 a - a +3 spear of draining (weapon)
 b - a +2 dagger of venom
 j - a +0 heavy spear
 x - a +3 spear
Missiles
 k - 2 throwing nets
Armour
 m - a +1 buckler (worn)
 z - a +0 hat (worn)
Magical Staves
 e - a staff of air
Jewellery
 l - a ring of wizardry (left tentacle)
 r - a ring of fire
 A - an amulet of the acrobat (around mantle)
Wands
 c - a wand of roots (4)
 q - a wand of paralysis (9)
 v - a wand of acid (7)
 y - a wand of polymorph (6)
Scrolls
 d - 3 scrolls of identify
 i - 2 scrolls of teleportation
Potions
 g - 2 potions of invisibility {unknown}
 h - 2 potions of flight {unknown}
 n - a potion of brilliance {unknown}
 o - a potion of degeneration {unknown}
 p - 2 potions of lignification {unknown}
 s - 2 potions of heal wounds
 t - 2 potions of resistance {unknown}
 u - 5 potions of curing {unknown}
 w - a potion of cancellation {unknown}


   Skills:
 - Level 5.0 Polearms
 * Level 6.0 Dodging
 - Level 5.5 Stealth
 + Level 5.2 Spellcasting
 + Level 6.4 Conjurations
 + Level 1.0 Hexes
 + Level 2.5 Translocations


You had 7 spell levels left.
You knew the following spells:

 Your Spells              Type           Power      Damage    Failure   Level
a - Magic Dart            Conj           100%       1d8       1%          1
b - Searing Ray           Conj           62%        2d6       1%          2
c - Iskenderun's Mystic   Conj/Tloc      23%        2d6       10%         4
d - Fulminant Prism       Conj/Hex       10%        3d8       13%         4

Your spell library contained the following spells:

 Spells                   Type           Power      Damage    Failure   Level
 Dazzling Flash           Conj/Hex       40%        N/A       4%          3


Dungeon Overview and Level Annotations

Branches:
Dungeon (8/15)             Bailey (1/1)
 Temple: D:4-7         Lair: D:8-11

Altars:
Ashenzari
Hepliaklqana
Makhleb
Xom
Yredelemnul

Shops:
D:4 *


Innate Abilities, Weirdness & Mutations

You cannot wear most types of armour.
You are amphibious.
You can wear up to eight rings at the same time.
Your skin changes colour to match your surroundings (Stealth+).
Your rubbery body absorbs attacks. (AC +1, EV +1)
((You are camouflaged when in or above water. (Stealth+)))
You have tentacles for arms and can constrict up to eight enemies at once.


Message History

Casting: Iskenderun's Mystic Blast (dangerous; 10% risk of failure)
Confirm with . or Enter, or press ? or * to list all spells.
You erupt in a blast of force!
The mystic blast hits the orc knight!
The orc knight is severely wounded.
The orc knight is knocked back by the mystic blast.
The orc knight slams into the stone wall!
The orc knight is severely wounded.
The orc knight hits you from afar with a +0 halberd!!
Casting: Iskenderun's Mystic Blast (dangerous; 10% risk of failure)
Confirm with . or Enter, or press ? or * to list all spells.
You don't have enough magic to cast this spell.
Magic courses through your body.
The orc knight hits you from afar with a +0 halberd!!
* * * LOW HITPOINT WARNING * * *
Casting: Iskenderun's Mystic Blast (dangerous; 10% risk of failure)
Confirm with . or Enter, or press ? or * to list all spells.
You erupt in a blast of force!
The mystic blast hits the orc knight!
The orc knight is severely wounded.
The orc knight is knocked back by the mystic blast.
Casting: Iskenderun's Mystic Blast (dangerous; 10% risk of failure)
Confirm with . or Enter, or press ? or * to list all spells.
You can't see any susceptible monsters within range! (Use Z to cast anyway.)
Casting: Iskenderun's Mystic Blast (dangerous; 10% risk of failure)
Confirm with . or Enter, or press ? or * to list all spells.
You erupt in a blast of force!
Casting: Iskenderun's Mystic Blast (dangerous; 10% risk of failure)
Confirm with . or Enter, or press ? or * to list all spells.
You erupt in a blast of force!
The mystic blast hits the orc knight.
The orc knight is almost dead.
The orc knight is knocked back by the mystic blast.
Casting: Iskenderun's Mystic Blast (dangerous; 10% risk of failure)
Confirm with . or Enter, or press ? or * to list all spells.
Aiming: Searing Ray (safe; 1% risk of failure)
Press: ? - help, Shift-Dir - straight line, f/p - orc knight
Aim: an orc knight, wielding a +0 halberd (almost dead, 71% to hit)
The searing ray hits the orc knight!
The orc knight is almost dead. (Press . to maintain the ray.)
The orc knight hits you from afar with a +0 halberd!!
You die...

### ### ##### ### ###
#∩###.###)')###.###.#
##'##'##o###'##'##'##
##.....## ##.....##
###...@.#####.....###
#)'..∩..')#)'..⌠..'.#
###.....#####.....###
##.....## ##.....##
##'##'##'###'##'##'##
#[###)###)#)###)###)#
### ### ##### ### #)#
#.#.# #.###)# +##+ +#
#'##'##'##


You could see an orc knight.

Vanquished Creatures
  2 black bears
  2 ogres (D:4)
  2 centaurs (D:4)
  2 phantoms (D:5)
  Blork the orc (D:5)
  A gnoll sergeant (D:5)
  2 howler monkeys (D:8)
  2 jellies
  2 gnoll boudas (D:5)
  2 hounds
  5 iguanas
  2 orc wizards (D:3)
  Robin (D:3)
  20 gnolls
  7 adders
  A white imp (D:3)
  An ufetubus (D:5)
  3 worms
  2 dart slugs (D:3)
  22 orcs
  11 ball pythons
  6 bats
  10 endoplasms
  6 giant cockroaches
  6 goblins
  4 hobgoblins
  6 jackals
  8 kobolds
  5 quokkas
  4 frilled lizards
  6 rats
154 creatures vanquished.

Notes
Turn   | Place    | Note
-------+----------+-------------------------------------------
     0 | D:1      | kingofthe the Octopode Conjurer began the quest for the
                  | Orb.
     0 | D:1      | Reached XP level 1. HP: 11/11 MP: 3/3
   261 | D:1      | Reached XP level 2. HP: 17/17 MP: 3/5
   324 | D:1      | Found a faded altar of an unknown god.
   385 | D:1      | Learned a level 2 spell: Searing Ray
  1062 | D:2      | Reached XP level 3. HP: 15/21 MP: 1/6
  1571 | D:2      | Reached XP level 4. HP: 27/27 MP: 4/8
  2665 | D:3      | Noticed a black bear
  2671 | D:3      | Killed a black bear
  2672 | D:3      | Reached XP level 5. HP: 22/31 MP: 2/9
  2730 | D:3      | Noticed Robin
  2733 | D:3      | Killed Robin
  2746 | D:3      | Reached XP level 6. HP: 26/36 MP: 2/11
  3837 | D:3      | Reached skill level 5 in Stealth
  3837 | D:3      | Reached skill level 5 in Conjurations
  4013 | D:4      | Found Opath's Assorted Antiques.
  4037 | D:4      | Reached XP level 7. HP: 41/41 MP: 6/12
  4944 | D:4      | Reached skill level 1 in Polearms
  5190 | D:4      | Learned a level 4 spell: Iskenderun's Mystic Blast
  5265 | D:5      | Entered Level 5 of the Dungeon
  5401 | D:5      | Reached skill level 5 in Dodging
  5401 | D:5      | Reached XP level 8. HP: 40/46 MP: 8/14
  5451 | D:5      | Noticed Blork the orc
  5574 | D:5      | Killed Blork the orc
  5575 | D:5      | Reached skill level 1 in Translocations
  5684 | D:5      | Found a hazy altar of Hepliaklqana.
  5684 | D:5      | Found a broken altar of Ashenzari.
  5692 | D:5      | Found a burning altar of Makhleb.
  5703 | D:5      | Found a shimmering altar of Xom.
  5704 | D:5      | Found a faded altar of an unknown god.
  6199 | D:5      | Reached skill level 5 in Polearms
  6199 | D:5      | Reached skill level 5 in Spellcasting
  6264 | D:5      | Learned a level 4 spell: Fulminant Prism
  6482 | D:5      | Found a basalt altar of Yredelemnul.
  6529 | D:5      | You fall into a shaft and drop 3 floors!
  6530 | D:8      | fuck you for real
  6535 | D:8      | Noticed a yak
  6591 | D:7      | Found a flagged portal.
  6598 | Bailey   | Entered a bailey
  7035 | Bailey   | Reached skill level 1 in Hexes
  7042 | Bailey   | Reached XP level 9. HP: 45/51 MP: 1/16
  7182 | Bailey   | Noticed an orc knight
  7221 | Bailey   | HP: 2/51 [orc knight/+0 halberd (19)]
  7225 | Bailey   | Demolished by an orc knight

Illustrated notes

### ..#
..# ..#
##..#####
#.......+
#@.....)#
+......##
##.....#
.....+
.....#
.....#
.....#
.....#


Turn 6530 on D:8: fuck you for real

Levels and vault maps discovered:
D:1:      dpeg_arrival_shrine, layout_loops_ring, basic_ecumenical_altar,
          minmay_tripent
D:2:      layout_loops_ring
D:3:      layout_basic, minmay_misc_feat_chi, minmay_divided_ellipse, uniq_robin
D:4:      nicolae_cairo_tiling_very_big, layout_loops_cross, serial_shops, shop,
          grunt_decor_one_mirror, minmay_door_square, minmay_misc_feat_pillars,
          minmay_manual_mares
D:5:      layout_loops_cross, mainiacjoe_overflow_paths,
          chequers_temple_overflow_minitemple, portal_sewer_entry_e,
          uniq_blork_the_orc
D:7:      layout_basic, gammafunk_ghost_abyssal_escape, enter_bailey_2,
          nicolae_concentric_dashed_squares_mild
D:8:      layout_gridville, serial_shops, kennysheep_mini,
          nicolae_inconvenience_store
Bailey:   bailey_polearm_nasty_gnolls, bailey

Skill      XL: |  1  2  3  4  5  6  7  8 |
---------------+-------------------------+-----
Stealth        | 3 4 5 |  5.5
Dodging        | 3 4 5 6 |  6.0
Spellcasting   | 3 4 5 |  5.2
Conjurations   | 5 6 |  6.4
Polearms       | 2 5 |  5.0
Translocations | 2 |  2.5
Hexes          | 1 |  1.0

Action                     |  1- 3 |  4- 6 |  7- 9 || total
---------------------------+-------+-------+-------++-------
  Melee: Spear             |       |     4 |    19 ||    23
         Constrict         |       |     1 |     3 ||     4
         Tentacles         |       |       |     3 ||     3
         Punch             |       |       |     1 ||     1
   Cast: Magic Dart        |    64 |    67 |    74 ||   205
         Searing Ray       |     4 |    14 |    51 ||    69
         Iskenderun's Myst |       |       |     5 ||     5
    Use: Scroll            |       |       |     9 ||     9
         Potion            |       |       |     2 ||     2
 Armour: Skin              |       |     2 |     2 ||     4
  Dodge: Dodged            |     4 |    16 |    93 ||   113
  Block: Buckler           |       |     4 |    24 ||    28

Table legend: (Time is in decaauts)
 A = Elapsed time spent in this place.
 B = Non-inter-level travel time spent in this place.
 C = Inter-level travel time spent in this place.
 D = Time resting spent in this place.
 E = Time spent auto-exploring this place.
 F = Levels seen in this place.
 G = Mean time per level.
                   A        B        C        D        E       F      G
               +--------+--------+--------+--------+--------+-----+--------+
         Total |   7224 |   7027 |    197 |    859 |   5051 |   8 |  903.0 |
       Dungeon |   6598 |   6401 |    197 |    551 |   4924 |   7 |  942.6 |
        Bailey |    626 |    626 |      0 |    308 |    127 |   1 |  626.0 |
               +--------+--------+--------+--------+--------+-----+--------+

Top non-repeatable levels by time:
     D:3: 1868 daAuts
     D:4: 1322 daAuts
     D:5: 1217 daAuts
     D:2: 1072 daAuts
     D:1: 1049 daAuts
  Bailey: 626 daAuts
     D:8: 61 daAuts
     D:7: 6 daAuts
